 Dungeon Crawl Stone Soup version 0.16.1-18-g436b03c (webtiles) character file.

92 noize the Skirmisher (level 4, 0/24 HPs)
             Began as a Vine Stalker Fighter on May 5, 2015.
             Slain by a worm (5 damage)
             ... on level 2 of the Dungeon.
             The game lasted 00:01:35 (1001 turns).

noize the Skirmisher (Vine Stalker Fighter)         Turns: 1001, Time: 00:01:35

Health: 0/24       AC: 10    Str: 19    XL:     4   Next: 60%
Magic:  0/5        EV:  5    Int:  8    God:
Gold:   30         SH:  9    Dex: 14    Spells: 0 memorised, 3 levels left

rFire  + . .     SeeInvis .     a - +0 war axe
rCold  . . .     Clarity  .     o - +1 chain mail {rF+}
rNeg   . . .     SustAb   .     c - +0 shield
rPois  .         Gourm    .     (no helmet)
rElec  .         Spirit   +     (no cloak)
rCorr  .         Warding  .     (no gloves)
rMut   .         Stasis   .     (no boots)
MR     .....                    (no amulet)
Stlth  ..........               (no ring)
                                (no ring)

@: not resistant to hostile enchantments, extremely unstealthy
A: fangs 2, regeneration 1, magic shield, antimagic bite, no device heal 3, rot
immunity
a: no special abilities


You were on level 2 of the Dungeon.
You were hungry.

You visited 1 branch of the dungeon, and saw 2 of its levels.

You collected 30 gold pieces.

Inventory:

Hand weapons
 a - a +0 war axe (weapon)
Armour
 c - a +0 shield (worn)
 o - a +1 chain mail of fire resistance (worn)
Jewellery
 i - an uncursed ring of magical power {unknown}
Scrolls
 f - a scroll of magic mapping {unknown}
 g - 3 scrolls of teleportation {unknown}
 j - a scroll of noise {unknown}
 k - a scroll of recharging {unknown}
 m - a scroll of remove curse {unknown}
 p - a scroll of enchant weapon {unknown}
Potions
 b - a potion of haste {unknown}
 e - 2 potions of might
 h - a potion of agility {unknown}
 l - 3 potions of brilliance {unknown}
 n - a potion of curing {unknown}
Comestibles
 d - a bread ration
 q - a royal jelly


   Skills:
 * Level 3.3 Fighting
 * Level 2.9 Axes
 + Level 2.9 Armour
 + Level 3.0 Shields


You had 3 spell levels left.
You didn't know any spells.

Dungeon Overview and Level Annotations

Branches:
Dungeon (2/15)

Altars:


Innate Abilities, Weirdness & Mutations

You have extremely sharp teeth.
Your natural rate of healing is unusually fast.
When hurt, damage is shared between your health and your magic reserves.
Your bite disrupts and absorbs the magic of your enemies.
Potions and wands cannot restore your health.
You are immune to rotting.


Message History

Found a leather armour.
Your shield and chain mail prevent you from hitting the worm.
You block the worm's attack.
You hit the worm. You bite the worm. You drain its power.
The worm is lightly wounded.
The worm bites you.
You hit the worm. You bite the worm, but do no damage.
The worm is moderately wounded.
The worm bites you!
You hit the worm. Your bite misses the worm.
The worm is moderately wounded.
You are feeling hungry.
The worm bites you.
* * * LOW HITPOINT WARNING * * *
You are too injured to fight recklessly!
You are too injured to fight recklessly!
You barely miss the worm. You bite the worm, but do no damage.
The worm is moderately wounded.
The worm bites you.
You die...

#.##.##.#....#..
#+##.##.##......#..
......##.####.####..
......##.#..........
.......##.#.##.#.#...
.....##.#.#....<...
...##.#.###.#....
##########.##.#.#........
.......w@...............>
.[.......#.##.#.#........
.....##.#.##.#.##.....#.
.... ....##.#....).....
... ##.#.##.#........#. .
#.#.............#.
#.#..###........#.
#.#.............#.
#.##.##...#.###.#.


You could see a worm.

Vanquished Creatures
  Ijyb (D:2)
  Jessica (D:2)
  Terence (D:2)
  An adder (D:2)
  2 worms
  2 bats
  A giant cockroach (D:1)
  4 hobgoblins
  4 kobolds
  A quokka (D:2)
  2 giant newts (D:1)
  3 goblins (D:1)
  3 rats
26 creatures vanquished.

Notes
Turn   | Place    | Note
--------------------------------------------------------------
     0 | D:1      | noize, the Vine Stalker Fighter, began the quest for the Orb.
     0 | D:1      | Reached XP level 1. HP: 11/11 MP: 1/1
   183 | D:1      | Reached XP level 2. HP: 16/16 MP: 3/3
   669 | D:2      | Noticed Ijyb
   682 | D:2      | Killed Ijyb
   682 | D:2      | Reached XP level 3. HP: 5/19 MP: 2/4
   736 | D:2      | Noticed Terence
   753 | D:2      | Killed Terence
   753 | D:2      | Reached skill level 3 in Fighting
   803 | D:2      | Reached XP level 4. HP: 24/24 MP: 5/5
   855 | D:2      | Noticed Jessica
   862 | D:2      | Killed Jessica
  1001 | D:2      | Slain by a worm

Action                   |  1- 3 |  4- 6 || total
-------------------------+-------+-------++-------
Melee: War axe           |    72 |    20 ||    92
